Map: Deathaura LE

Players

SpeCial

  • Race: Terran Terran
  • League: Master
  • Spawn Location: 11:00

Maru - Winner!

  • Race: Terran Terran
  • Spawn Location: 5:00

Event: DreamHack SC2 Masters 2020 Summer Season Finals

VOD

Have the link to the VOD?

Description

Time

  • Played on: July 17, 2020, 1 p.m.
  • Length: 25:00

All games in this series

Show
View Real Time Build Order
Export as new Build Order

SpeCial Terran 

Build Orders: 1/1/1 

Get SALT Encoding   

  12  0:01  SCV  
  13  0:13  SCV  
  14  0:17  Supply Depot  
  14  0:25  SCV  
  15  0:38  SCV  
  15  0:40  Barracks  
  16  0:43  Refinery  
  16  0:50  SCV  
  16  0:52  Refinery  
  17  1:02  SCV  
  18  1:15  SCV  
  19  1:28  Reaper, Orbital Command  
  19  1:30  Supply Depot  
  20  1:41  Factory  
  20  1:53  SCV  
  21  2:00  Barracks Reactor  
  21  2:05  SCV  
  22  2:17  SCV  
  23  2:24  Hellion  
  23  2:26  Starport  
  25  2:30  SCV  
  25  2:33  Supply Depot  
  25  2:36  Reaper x2  
  28  2:42  SCV  
  29  2:47  Hellion  
  31  2:54  SCV  
  32  2:58  Supply Depot  
  32  3:04  Medivac  
  34  3:07  SCV  
  34  3:08  Hellion, Reaper x2  
  39  3:20  SCV  
  39  3:23  Supply Depot  
  40  3:30  Factory Tech Lab  
  40  3:34  SCV  
  41  3:35  Starport Tech Lab  
  40  3:44  Marine x2  
  42  3:51  Command Center  
  42  3:56  Raven  
  42  4:02  Marine x2  
  46  4:03  SCV  
  47  4:19  Marine  
  47  4:20  SCV  
  47  4:22  Siege Tank  
  43  4:32  SCV  
  43  4:38  Refinery  
  44  4:44  SCV  
  44  4:50  Marine  
  44  4:51  Viking x2  
  49  4:56  SCV  
  50  5:04  Orbital Command  
  50  5:09  SCV  
  50  5:10  Siege Tank  
  50  5:13  Marine  
  55  5:24  SCV  
  56  5:30  Command Center  
  56  5:32  Viking x2  
  56  5:34  SCV  
  61  5:36  SCV  
  61  5:37  Supply Depot  
  62  5:43  Marine  
  62  5:46  SCV  
  62  5:48  SCV  
  65  5:52  Siege Tank  
  68  5:59  SCV  
  68  6:00  SCV, Supply Depot  
  68  6:01  Stimpack, Marine  
  71  6:07  Viking  
  71  6:11  SCV  
  74  6:16  Viking  
  76  6:19  SCV, Marine  
  76  6:23  SCV  
  79  6:31  SCV  
  80  6:34  Supply Depot  
  80  6:35  SCV  
  80  6:37  Marine, Barracks  
  80  6:38  Siege Tank  
  85  6:41  Orbital Command, Barracks  
  85  6:45  SCV  
  85  6:47  SCV  
  85  6:49  Refinery  
  85  6:52  Viking  
  88  6:55  Marine  
  88  6:57  Viking  
  91  7:01  Supply Depot  
  91  7:04  SCV x2  
  93  7:12  SCV  
  93  7:13  Engineering Bay  
  93  7:14  Engineering Bay  
  94  7:16  SCV  
  94  7:18  Marine  
  94  7:21  Siege Tank  
  94  7:22  SCV  
  100  7:32  Viking x2  
  100  7:33  SCV  
  100  7:34  SCV  
  106  7:39  Barracks Reactor x2  
  106  7:43  Marine  
  107  7:45  SCV  
  100  7:58  Siege Tank  
  100  8:00  Marine  
  100  8:02  Viking x2, SCV x2  
  109  8:08  SCV  
  107  8:14  SCV x2, Marine  
  107  8:15  Terran Infantry Weapons Level 1, Terran Infantry Armor Level 1  
  108  8:20  SCV  
  108  8:26  SCV x2  
  103  8:31  Viking  
  103  8:32  SCV  
  104  8:39  Marine x5  
  103  8:43  SCV x2  
  103  8:45  SCV  
  103  8:46  Refinery x2  
  103  8:47  Combat Shield  
  103  8:48  Siege Tank  
  109  8:50  Barracks  
  109  8:51  Viking  
  109  8:52  Barracks  
  109  8:56  Marine x2  
  109  8:57  SCV x2, Marine  
  109  9:02  Marine  
  114  9:04  Marine  
  115  9:14  Marine x2  
  117  9:17  Marine  
  117  9:20  Marine, Siege Tank  
  117  9:22  Marine  
  107  9:32  Marine x2  
  107  9:35  Marine  
  107  9:38  Marine  
  110  9:40  Marine  
  110  9:41  Barracks Reactor  
  110  9:42  Barracks Reactor  
  110  9:43  Medivac  
  110  9:44  Medivac  
  110  9:45  SCV  
  117  9:49  Command Center  
  117  9:50  Sensor Tower  
  117  9:55  Supply Depot  
  117  9:56  Supply Depot x2  
  117  9:57  Marine x4  
  117  9:58  Marine, Siege Tank  
  125  10:08  Supply Depot  
  125  10:12  Supply Depot  
  125  10:16  Marine x4  
  125  10:17  SCV x3  
  125  10:19  Marine  
  133  10:29  SCV x2, Marine x2  
  133  10:30  SCV, Siege Tank  
  133  10:31  Factory  
  133  10:32  Sensor Tower  
  133  10:33  Marine  
  133  10:34  Marine x3  
  145  10:38  Marine  
  145  10:41  SCV x2  
  148  10:43  Supply Depot  
  148  10:44  Barracks Reactor  
  148  10:49  Marine x3  
  151  10:51  Marine  
  151  10:52  Medivac x2, Marine  
  151  10:54  Marine x2  
  151  10:56  Marine  
  160  11:02  Siege Tank  
  162  11:07  Marine x3  
  162  11:09  Marine  
  164  11:12  Marine x3  
  164  11:14  Marine  
  164  11:17  Armory  
  167  11:18  Siege Tank  
  167  11:22  Planetary Fortress  
  167  11:23  Refinery  
  167  11:24  Refinery, Marine  
  167  11:25  Medivac x2  
  175  11:29  Marine  
  175  11:30  Marine  
  177  11:35  Siege Tank  
  177  11:37  Marine  
  177  11:39  Marine x2  
  179  11:41  Marine  
  180  11:50  Siege Tank  
  180  11:52  Marine  
  176  11:55  Medivac x2  
  176  12:03  Marine  
  176  12:07  Siege Tank  
  178  12:09  Marine  
  178  12:10  Marine x2  
  178  12:11  Marine  
  172  12:17  Terran Infantry Armor Level 2, Terran Infantry Weapons Level 2  
  172  12:19  Marine x5  
  172  12:21  Marine  
  178  12:23  Siege Tank  
  178  12:25  Medivac x2  
  178  12:29  Marine x4  
  187  12:33  Starport  
  187  12:36  Starport  
  187  12:37  Marine  
  188  12:50  Command Center  
  188  13:03  Command Center  
  188  13:07  Marine x3  
  188  13:08  Marine  
  188  13:09  Marine  
  188  13:14  Marine x5  
  188  13:17  Siege Tank x2  
  175  13:24  Marine x3  
  175  13:25  Medivac x2  
  175  13:26  Marine  
  171  13:27  Marine  
  171  13:31  Starport Tech Lab x2, Marine  
  171  13:32  Marine x4  
  177  13:42  Marine x3  
  177  13:43  Terran Vehicle Weapons Level 1  
  177  13:44  Marine  
  177  13:45  Marine  
  177  13:46  Supply Depot x2  
  182  13:49  Siege Tank x2  
  182  13:50  Sensor Tower  
  188  13:58  Marine x5  
  188  13:59  Raven  
  188  14:00  Marine  
  188  14:01  Raven, Corvid Reactor, Marine  
  199  14:11  Orbital Command  
  199  14:20  Planetary Fortress  
  198  14:27  Missile Turret x2  
  198  14:28  Command Center  
  188  14:36  Marine, Siege Tank x2  
  188  14:37  Marine x5  
  193  14:54  Marine  
  193  14:56  Marine  
  193  14:57  Raven x2  
  193  14:58  Marine x2  
  193  14:59  Marine x6  
  188  15:08  Missile Turret  
  188  15:12  Marine  
  188  15:14  Marine  
  189  15:15  Marine  
  189  15:16  Marine x2  
  189  15:17  Marine x5  
  189  15:18  Terran Infantry Weapons Level 3  
  198  15:23  Terran Infantry Armor Level 3  
  198  15:28  Sensor Tower  
  198  15:29  Command Center  
  198  15:30  Marine  
  198  15:31  Marine  
  200  15:39  Marine  
  200  15:44  Marine x2  
  200  15:49  Siege Tank x2  
  200  16:00  Marine  
  197  16:05  Raven x2  
  194  16:14  Marine  
  194  16:18  Marine  
  180  16:20  Marine  
  180  16:21  Siege Tank  
  174  16:26  Marine, Siege Tank  
  174  16:27  Marine x5  
  174  16:28  Marine  
  174  16:32  Marine  
  185  16:35  Refinery x2  
  185  16:36  Marine  
  185  16:38  Marine  
  187  16:44  Missile Turret, Marine x6  
  187  16:46  Marine  
  194  16:47  Raven x2  
  194  16:50  Marine  
  194  16:54  Marine  
  197  16:55  Barracks  
  197  16:56  Marine, Barracks  
  197  16:57  Barracks  
  198  17:02  Marine x2  
  198  17:05  Terran Vehicle Weapons Level 2  
  198  17:06  Planetary Fortress  
  194  17:30  Marine  
  194  17:32  Marine x6  
  200  17:39  Command Center x2  
  200  17:41  Command Center  
  200  17:48  Starport  
  200  17:49  Starport  
  200  17:50  Refinery  
  200  17:51  Missile Turret  
  200  17:55  Hi-Sec Auto Tracking  
  200  18:00  Barracks Reactor x2, Neosteel Armor  
  200  18:02  Missile Turret, Sensor Tower  
  200  18:03  Barracks Reactor  
  200  18:05  Missile Turret  
  200  18:11  Marine  
  199  18:24  Marine  
  197  18:34  Marine  
  197  18:35  Marine x2  
  200  18:46  Marine x2  
  200  18:47  Marine x4  
  200  18:48  Raven x2  
  196  18:51  Marine x2  
  196  18:52  Marine x4, Siege Tank x2  
  196  18:54  Marine x2  
  195  19:19  Marine  
  195  19:20  Marine x3  
  195  19:22  Medivac  
  195  19:23  Medivac  
  144  19:24  Siege Tank  
  144  19:25  Marine  
  144  19:26  Marine x6  
  144  19:27  Marine x2, Siege Tank  
  144  19:31  Raven x2, Marine  
  139  19:33  Marine x2  
  139  19:37  Marine x2  
  142  19:38  Marine x2  
  142  19:41  Orbital Command  
  142  19:43  Marine x5  
  142  19:44  Marine x2  
  142  19:45  Orbital Command, Marine x2  
  150  19:49  Marine  
  150  19:51  Marine x2  
  155  19:52  Medivac  
  155  19:55  Medivac  
  155  19:56  Siege Tank  
  155  19:58  Medivac  
  164  20:05  Planetary Fortress  
  164  20:10  Orbital Command  
  163  20:18  Marine x3  
  163  20:19  Missile Turret  
  163  20:21  Marine x2  
  167  20:22  Marine  
  167  20:25  Siege Tank  
  172  20:32  Marine  
  172  20:33  Marine x4  
  177  20:43  Raven  
  177  20:44  Raven  
  177  20:45  Starport Tech Lab  
  177  20:48  Terran Vehicle Weapons Level 3  
  181  20:50  Marine  
  181  20:53  Marine x3  
  181  20:54  Starport Tech Lab  
  185  20:57  Marine  
  185  21:02  Missile Turret  
  186  21:06  Raven  
  184  21:12  Marine  
  184  21:16  Siege Tank x2  
  184  21:17  Raven  
  193  21:23  Marine  
  193  21:24  Medivac  
  189  21:26  Raven x2  
  189  21:28  Marine  
  189  21:30  Marine  
  190  21:48  Marine, Siege Tank x2  
  190  21:49  Marine  
  190  21:51  Marine x2  
  200  22:04  Marine  
  200  22:05  Raven  
  195  22:15  Marine  
  195  22:19  Marine  
  195  22:20  Siege Tank  
  195  22:22  Siege Tank  
  191  22:24  Marine x2  
  191  22:26  Unknown x2  
  191  22:27  SCV x4  
  197  22:32  Marine  
  197  22:33  Command Center  
  198  22:38  Marine x2  
  198  22:42  Orbital Command  
  193  22:46  Marine  
  193  22:47  Marine  
  193  22:49  Marine x11  
  157  22:52  Marine  
  157  22:55  Marine  
  157  22:56  Marine  
  160  22:59  Siege Tank x2  
  160  23:04  Marine x2  
  168  23:07  Marine x11  
  168  23:10  Marine  
  177  23:13  Marine  
  177  23:14  Marine  
  155  23:22  Marine x2  
  155  23:24  Marine  
  155  23:25  Marine x7  
  165  23:27  Marine  
  165  23:28  Marine x2  
  165  23:31  Marine x2  
  168  23:40  Marine  
  166  23:42  Marine  
  166  23:43  Marine x3  
  166  23:45  Marine x3  
  166  23:48  Planetary Fortress  
  166  23:49  Marine x2  
  164  23:56  Medivac x2  
  164  23:58  Marine  
  164  24:00  Marine x3  
  164  24:01  Marine  
  172  24:03  Marine  
  173  24:12  Marine x4  
  173  24:16  Marine  
  178  24:18  Marine x3  
  178  24:20  Marine  
  178  24:21  Marine  
  175  24:30  Marine x2  
  175  24:35  Marine  
  175  24:36  Marine x4  
  175  24:37  Marine  
  163  24:40  Marine  
Show
View Real Time Build Order
Export as new Build Order

Maru Terran - Winner!

Build Orders:  

Get SALT Encoding   

  12  0:00  SCV  
  13  0:12  SCV  
  14  0:16  Supply Depot  
  14  0:24  SCV  
  15  0:38  SCV  
  15  0:39  Barracks  
  16  0:43  Refinery  
  16  0:50  SCV  
  16  0:56  Refinery  
  17  1:02  SCV  
  18  1:14  SCV  
  19  1:26  Reaper, Orbital Command  
  19  1:28  Supply Depot  
  20  1:42  Factory  
  20  1:52  SCV  
  21  1:58  Reaper  
  22  2:04  SCV  
  23  2:16  SCV  
  24  2:23  Command Center  
  24  2:27  Hellion  
  24  2:28  SCV  
  27  2:36  Supply Depot, Reaper  
  28  2:40  SCV  
  29  2:48  Hellion  
  31  2:53  Starport  
  31  2:58  SCV  
  32  3:10  SCV, Barracks Reactor, Factory Tech Lab  
  33  3:17  Refinery  
  33  3:22  SCV  
  34  3:30  Starport Tech Lab  
  37  3:34  SCV  
  37  3:36  Orbital Command  
  37  3:40  Siege Tank  
  36  3:42  Viking  
  36  3:46  SCV  
  36  3:47  Marine x2  
  40  3:53  Bunker  
  40  3:58  SCV  
  41  4:04  Marine  
  41  4:05  Marine  
  43  4:10  SCV  
  43  4:13  Siege Tank  
  43  4:15  SCV  
  42  4:22  SCV, Starport Tech Lab  
  39  4:34  SCV x2  
  41  4:43  Raven  
  43  4:46  SCV x2  
  43  4:52  Supply Depot, Marine x2  
  45  4:56  Cyclone  
  45  4:58  SCV  
  45  4:59  SCV  
  52  5:03  Supply Depot  
  52  5:10  SCV  
  52  5:11  SCV  
  52  5:14  Marine x2  
  56  5:22  SCV  
  56  5:25  Command Center  
  57  5:28  Siege Tank  
  57  5:29  SCV  
  61  5:36  Viking  
  61  5:37  Viking  
  61  5:38  SCV  
  61  5:41  SCV  
  67  5:46  Supply Depot  
  67  5:50  SCV, Stimpack  
  67  5:53  SCV  
  67  5:55  Supply Depot  
  69  6:02  SCV  
  70  6:08  Viking x2, SCV  
  75  6:14  SCV  
  75  6:15  Refinery  
  75  6:19  Siege Tank  
  75  6:20  SCV, Marine  
  80  6:26  SCV  
  80  6:32  SCV  
  82  6:33  Barracks  
  82  6:34  Barracks  
  82  6:38  Supply Depot, Marine  
  84  6:46  Orbital Command  
  82  6:52  SCV  
  82  6:53  Engineering Bay  
  83  6:54  Engineering Bay, Siege Tank  
  83  6:56  SCV  
  83  7:01  Viking  
  89  7:05  Viking  
  89  7:08  SCV  
  90  7:15  SCV  
  90  7:17  Orbital Command  
  90  7:23  SCV  
  90  7:24  Barracks Reactor x2  
  90  7:29  SCV  
  92  7:33  Viking  
  92  7:35  Viking  
  92  7:36  SCV  
  97  7:39  Terran Infantry Weapons Level 1  
  97  7:40  Terran Infantry Armor Level 1  
  97  7:41  SCV  
  97  7:42  Marine  
  98  7:46  SCV  
  98  7:48  SCV  
  95  7:53  SCV  
  92  7:58  SCV  
  92  8:00  SCV, Marine  
  92  8:03  Viking  
  92  8:05  SCV, Viking  
  98  8:10  SCV  
  98  8:12  SCV  
  99  8:15  Marine x3  
  99  8:16  Siege Tank  
  99  8:17  SCV  
  104  8:24  SCV  
  92  8:27  Marine x2  
  92  8:29  SCV  
  85  8:35  Marine  
  85  8:36  Marine  
  85  8:37  Viking  
  85  8:38  Viking  
  85  8:39  SCV  
  76  8:41  SCV  
  76  8:42  Marine  
  76  8:45  Marine x2  
  79  8:51  SCV  
  79  8:53  SCV  
  79  8:54  Marine x2  
  81  8:58  Orbital Command  
  81  9:00  Marine  
  82  9:02  Marine  
  82  9:03  SCV, Marine  
  82  9:04  Combat Shield  
  82  9:05  SCV  
  86  9:13  Medivac, Marine x2  
  86  9:16  SCV  
  91  9:18  SCV, Marine  
  91  9:20  Marine  
  91  9:22  Marine  
  78  9:28  SCV x2  
  78  9:30  SCV  
  80  9:31  Marine x2  
  80  9:35  Medivac  
  80  9:36  Marine  
  80  9:38  Marine  
  85  9:40  SCV x2, Marine  
  85  9:42  SCV  
  90  9:47  Medivac  
  90  9:49  Siege Tank  
  90  9:52  SCV x2  
  97  9:54  SCV, Supply Depot  
  97  9:56  Marine x4  
  97  9:58  Marine  
  103  10:04  SCV x2, Refinery x2  
  103  10:06  Barracks  
  105  10:08  Barracks  
  105  10:11  SCV  
  105  10:13  Supply Depot, Sensor Tower  
  105  10:14  Supply Depot  
  106  10:19  Marine x3  
  106  10:20  Armory, Marine  
  110  10:25  SCV x2  
  110  10:28  Supply Depot x2  
  112  10:30  Siege Tank  
  115  10:36  Viking x2  
  119  10:44  Command Center  
  119  10:51  Marine x4  
  119  10:52  Barracks Reactor  
  119  10:53  SCV  
  119  10:54  SCV  
  119  10:55  Barracks Reactor x2  
  125  10:58  Missile Turret  
  125  11:05  SCV  
  125  11:08  Siege Tank  
  125  11:09  Missile Turret, Marine  
  129  11:11  Terran Infantry Weapons Level 2  
  129  11:12  Factory  
  129  11:17  Marine x3  
  131  11:19  Terran Infantry Armor Level 2  
  131  11:22  Terran Vehicle Weapons Level 1  
  131  11:23  SCV x3  
  134  11:27  Supply Depot  
  134  11:29  Missile Turret  
  134  11:32  Viking x2  
  138  11:35  SCV  
  136  11:40  Marine x8  
  136  11:41  Marine  
  136  11:43  SCV  
  136  11:46  Marine  
  141  11:55  Siege Tank  
  141  11:58  Marine x4  
  141  12:01  Siege Tank  
  145  12:12  SCV x3  
  145  12:14  Liberator x2  
  154  12:21  Barracks  
  154  12:30  Marine x2  
  154  12:33  SCV  
  154  12:35  Supply Depot x2, Marine x2  
  154  12:36  Marine x3  
  160  12:37  Siege Tank x2  
  160  12:38  Barracks  
  166  12:44  Command Center  
  166  12:55  Supply Depot  
  166  12:57  SCV x2, Medivac x2  
  159  13:21  Marine  
  159  13:22  Marine x2  
  159  13:25  SCV, Planetary Fortress  
  149  13:29  Sensor Tower  
  149  13:31  Viking x2  
  156  13:34  Siege Tank  
  156  13:35  Marine  
  156  13:36  Marine x4  
  156  13:39  Marine  
  156  13:41  Sensor Tower  
  162  13:43  Marine x3  
  165  13:51  Missile Turret  
  165  13:52  Marine  
  165  13:53  Siege Tank  
  165  13:54  Missile Turret  
  169  13:58  Starport  
  169  14:01  Starport  
  169  14:02  Missile Turret  
  169  14:08  Missile Turret  
  169  14:09  Missile Turret  
  169  14:12  Terran Infantry Weapons Level 3, Terran Infantry Armor Level 3  
  169  14:14  Marine x3  
  172  14:19  Marine  
  172  14:20  Planetary Fortress  
  172  14:22  SCV  
  174  14:29  Refinery x2  
  174  14:32  Terran Vehicle Weapons Level 2  
  174  14:33  Marine x6  
  174  14:37  Refinery x2  
  180  14:39  Command Center  
  180  14:44  Marine x2  
  175  14:55  Marine x2  
  175  14:56  Marine  
  175  14:57  Siege Tank x2  
  175  14:59  Starport Tech Lab x2  
  156  15:00  Viking x2  
  156  15:02  Marine x2  
  156  15:03  Marine x5  
  167  15:10  Command Center  
  167  15:12  Marine  
  167  15:13  Marine x2  
  170  15:20  Marine x7  
  177  15:21  Raven x2  
  177  15:22  Corvid Reactor  
  181  15:30  Marine x2  
  181  15:31  Marine, Siege Tank  
  187  15:38  Marine x3  
  187  15:41  Marine  
  188  15:47  Marine  
  188  15:48  Marine  
  184  15:52  Marine  
  185  15:59  Marine  
  185  16:04  Raven x2  
  186  16:06  Marine x2  
  186  16:07  Siege Tank  
  183  16:14  Marine  
  183  16:15  Marine x2  
  177  16:23  Viking x2  
  174  16:42  Marine x9, Siege Tank x2  
  174  16:47  Raven x2  
  191  16:56  Terran Vehicle Weapons Level 3  
  191  17:04  Viking x2  
  195  17:10  SCV  
  195  17:11  SCV x3  
  199  17:23  SCV  
  200  17:34  Planetary Fortress  
  200  17:38  Sensor Tower  
  200  17:50  Command Center  
  200  17:51  Fusion Core  
  200  18:01  Command Center  
  187  18:11  Marine, Siege Tank  
  191  18:30  Marine x4, Siege Tank  
  198  18:36  Neosteel Armor  
  198  18:37  Hi-Sec Auto Tracking  
  198  18:43  Siege Tank  
  198  18:48  Marine x4  
  186  18:49  Marine x2  
  186  18:50  Marine x2  
  186  18:52  Marine  
  186  18:53  Marine  
  195  19:02  Siege Tank  
  197  19:06  Marine x5  
  197  19:07  Marine  
  197  19:08  Marine  
  192  19:15  Marine, Siege Tank  
  177  19:21  Marine  
  177  19:22  Marine  
  177  19:24  Marine x5  
  144  19:25  Marine x2  
  134  19:33  Raven x2, Marine  
  134  19:34  Siege Tank  
  137  19:39  Marine x2  
  137  19:41  Marine  
  137  19:42  Marine x4  
  137  19:43  Marine x2  
  146  19:47  Hellion, Command Center  
  146  19:48  Barracks  
  146  19:49  Barracks  
  146  19:51  Marine  
  149  19:52  Barracks  
  149  19:54  Terran Vehicle And Ship Armor Level 1  
  149  19:57  Marine x2  
  149  19:59  Marine x2  
  152  20:01  SCV x3  
  152  20:06  Siege Tank  
  159  20:08  Siege Tank  
  159  20:10  Marine  
  159  20:13  SCV  
  164  20:18  Planetary Fortress  
  161  20:32  Raven  
  163  20:38  Barracks Reactor, Siege Tank  
  163  20:40  Siege Tank  
  163  20:41  Supply Depot x2  
  169  20:43  Raven  
  169  20:44  Sensor Tower  
  169  20:46  Marine x5  
  169  20:48  Barracks Reactor  
  176  20:50  SCV x3  
  179  20:59  Marine  
  179  21:00  Marine x3  
  179  21:02  SCV  
  184  21:05  Marine x2  
  186  21:14  Marine x4  
  186  21:15  Marine  
  190  21:29  Marine  
  189  21:53  Marine, Siege Tank  
  189  21:54  Marine x5  
  193  21:59  Marine x8  
  197  22:15  Marine  
  197  22:16  Marine  
  197  22:20  Marine x9, Siege Tank  
  191  22:24  Marine x3  
  191  22:26  Siege Tank  
  197  22:33  Marine  
  197  22:34  Marine  
  199  22:38  Marine  
  198  22:44  Command Center  
  198  22:46  Marine  
  198  22:50  Marine x2  
  191  22:54  Siege Tank  
  194  22:59  Rapid Reignition System  
  194  23:02  Marine x6, Barracks  
  183  23:20  Marine x8  
  191  23:37  Marine x6  
  191  23:38  Marine x3, Siege Tank  
  200  24:05  Orbital Command  
  200  24:07  Unknown  
  200  24:10  Unknown, Command Center, Sensor Tower  
  200  24:19  Marine  
  200  24:20  Marine  
  200  24:29  Marine  
  191  24:48  Missile Turret  
  192  25:00  Missile Turret  
Tags
 
Add a new tag
Caveats
  • Supply blocks, unpowered buildings, or Contaminate may cause inaccurate times.
  • Supply counts are checked every 10 seconds.